cohdb
Replays
Latest Replays
All Replays
Popular Replays
Top Player Replays
Match Explorer
How It Works
Community
CoH3 Stats
Reddit
Sign in to upload your games and track your stats! →
Sign in with Steam
Match 41442494
Unlisted
Match 41442494
Overview
Messages
Build Orders
End
Construct Barracks
Selects Armored Battlegroup
Selects Veteran Crews
1⁄4-ton 4x4 Truck
Riflemen Squad
Riflemen Squad
Infantry Support Center
Construct Weapon Support Center
M1919 Machine Gun Team
M3 Armored Personnel Carrier
Riflemen Squad
Selects Strength in Steel
M1918 Browning Automatic Rifles
Construct Medical Station
Engineer Squad
Anevan
Tango
Turtleboy
GoonLord
SED-Kreisleitung
엘비
milkfish
Kreuser
0
0
Comments
sign in to comment!
No comments posted yet!